 Dungeon Crawl Stone Soup version 0.31-a0-875-g02e7d12df6 (webtiles) character file.

Game seed: 12023482048576740890

7 AiryTheDragon the Magician (level 1, -1/13 HPs)
             Began as a Demonspawn Hedge Wizard on Oct 13, 2023.
             Slain by a jackal (2 damage)
             ... on level 1 of the Dungeon.
             The game lasted 00:03:56 (133 turns).

AiryTheDragon the Magician (Demonspawn Hedge Wizard) Turns: 133, Time: 00:03:57

Health: -1/13      AC:  2    Str: 10    XL:     1   Next: 91%
Magic:  4/4        EV:  9    Int: 15    God:
Gold:   10         SH:  7    Dex: 12    Spells: 5/6 levels left

rFire   . . .        a - +0 dagger
rCold   . . .        e - +0 kite shield
rNeg    . . .        b - +0 robe
rPois   .            c - +0 hat
rElec   .            (no cloak)
rCorr   .            (no gloves)
SInv    .            (no boots)
Will    .....        g - amulet of magic regeneration
Stlth   ++           (no ring)
HPRegen 0.22/turn    (no ring)
MPRegen 0.49/turn

%: no passive effects
@: very slightly contaminated
A: no striking features
a: no special abilities


You were on level 1 of the Dungeon.
You visited 1 branch of the dungeon, and saw 1 of its levels.

You collected 10 gold pieces.

Inventory:

Hand Weapons
 a - a +0 dagger (weapon)
Armour
 b - a +0 robe (worn)
 c - a +0 hat (worn)
 e - a +0 kite shield (worn)
Jewellery
 g - an amulet of magic regeneration (around neck)
Potions
 d - a potion of magic


   Skills:
 + Level 0.3 Short Blades
 + Level 1.8 Dodging
 + Level 2.0 Stealth
 + Level 3.2 Spellcasting
 + Level 1.0 Conjurations
 + Level 1.0 Summonings
 + Level 0.8 Translocations


You had 5 spell levels left.
You knew the following spells:

 Your Spells              Type           Power      Damage    Failure   Level
a - Magic Dart            Conj           20%        1d4       58%         1

Your spell library contained the following spells:

 Spells                   Type           Power      Damage    Failure   Level
 Slow                     Hex            8%         N/A       73%         1
 Call Imp                 Summ           10%        N/A       73%         2
 Blink                    Tloc           8%         N/A       75%         2
 Cigotuvi's Dreadful Rot  Necr/Pois/Air  4%         N/A       86%         2
 Mephitic Cloud           Conj/Pois/Air  3%         N/A       96%         3


Dungeon Overview and Level Annotations

Branches:
Dungeon (1/15)

Altars:


Message History

The jackal bites you. x2
* * * LOW HITPOINT WARNING * * *
Okay, then.
You aren't carrying any items that you can evoke.
Unknown command.
You hit the jackal.
The jackal is lightly wounded.
You block the jackal's attack. The jackal bites you.
* * * LOW HITPOINT WARNING * * *
As you read the scroll labelled HEZ GAJIORUUSM, it crumbles to dust.
It is a scroll of amnesia.
Okay, then.
The jackal barely misses you.
As you read the scroll labelled MUCHIO AGRAETZ, it crumbles to dust.
It is a scroll of identify.
You don't currently have any unidentified items.
The jackal closely misses you.
Casting: Magic Dart (safe; 58% risk of failure)
Confirm with . or Enter, or press ? or * to list all spells.
Aiming: Magic Dart (safe; 58% risk of failure)
Press: ? - help, Shift-Dir - straight line, f - jackal
Aim: a jackal (lightly wounded, 100% to hit)
You miscast Magic Dart.
You are very lightly contaminated with residual magic.
Nothing appears to happen.
The jackal bites you but does no damage.
The jackal bites you.
* * * LOW HITPOINT WARNING * * *
You hit the jackal but do no damage.
The jackal is lightly wounded.
You block the jackal's attack.
Okay, then.
You completely miss the jackal.
The jackal is lightly wounded.
The jackal closely misses you. The jackal bites you.
* * * LOW HITPOINT WARNING * * *
You completely miss the jackal.
The jackal is lightly wounded.
You block the jackal's attack. The jackal bites you.
You die...

#...### #.#.##......#
##(### #...#.##..###
##..# #####......#.##
###..######............#
..................######
.###.#####.#####..# #.#
#..# ###.### ###..#
#..>..# #..@.# #.###.#
###h.# #<# #.# #..# ###
### #..# ...# #..# #..#
#..#


You could see a jackal.

Vanquished Creatures
  A dart slug (D:1)
  A hobgoblin (D:1)
  A jackal (D:1)
  3 rats (D:1)
6 creatures vanquished.

Notes
Turn   | Place    | Note
-------+----------+-------------------------------------------
     0 | D:1      | AiryTheDragon the Demonspawn Hedge Wizard began the quest
                  | for the Orb.
     0 | D:1      | Reached XP level 1. HP: 13/13 MP: 4/4
   133 | D:1      | Slain by a jackal

Illustrated notes

Levels and vault maps discovered:
D:1:      evilmike_arrival_hilbert_curve, layout_basic, minmay_tromino_v7

Skill      XL: |  1 |
---------------+----+-----
Stealth        | 2 |  2.0
Short Blades   | |  0.3
Dodging        | |  1.8
Spellcasting   | |  3.2
Conjurations   | |  1.0
Summonings     | |  1.0
Translocations | |  0.8

Action                     || total
---------------------------++-------
  Melee: Dagger            ||    29
   Cast: Magic Dart        ||     6
    Use: Scroll            ||     2
 Armour: Robe              ||    17
  Dodge: Dodged            ||    23
  Block: Kite shield       ||     7

Table legend: (Time is in decaauts)
 A = Elapsed time spent in this place.
 B = Non-inter-level travel time spent in this place.
 C = Inter-level travel time spent in this place.
 D = Time resting spent in this place.
 E = Time spent auto-exploring this place.
 F = Levels seen in this place.
 G = Mean time per level.
                   A        B        C        D        E       F      G
               +--------+--------+--------+--------+--------+-----+--------+
         Total |    137 |    137 |      0 |      0 |     56 |   1 |  137.0 |
       Dungeon |    137 |    137 |      0 |      0 |     56 |   1 |  137.0 |
               +--------+--------+--------+--------+--------+-----+--------+

Top non-repeatable levels by time:
     D:1: 137 daAuts
